 Dungeon Crawl Stone Soup version 0.23.0 (webtiles) character file.

Game seed: 7084644136096648536

41 redwoodhats the Gusty (level 3, 0/24 HPs)
             Began as a Barachi Air Elementalist on Feb 17, 2019.
             Succumbed to an adder's poison
             ... on level 2 of the Dungeon.
             The game lasted 00:05:16 (1043 turns).

redwoodhats the Gusty (Barachi Air Elementalist)    Turns: 1043, Time: 00:05:17

Health: 0/24       AC:  2    Str:  7 (9)  XL:     3   Next: 52%
Magic:  0/6        EV: 11    Int: 14 (16) God:
Gold:   61         SH:  3    Dex: 11 (12) Spells: 6/7 levels left

rFire    . . .     SeeInvis .   f - +0 short sword
rCold    . . .     Gourm    .   k - +0 buckler
rNeg     . . .     Faith    .   a - +0 robe
rPois    .         Spirit   .   (no helmet)
rElec    .         Reflect  .   (no cloak)
rCorr    .         Harm     .   (no gloves)
MR       .....                  (no boots)
Stlth    ++........             (no amulet)
HPRegen  0.08/turn              (no ring)
MPRegen  0.10/turn              (no ring)

@: lethally poisoned (0 -> -16), slow
A: +LOS, swims, slowness 1, strong legs 1
a: Hop


You were on level 2 of the Dungeon.
You were not hungry.

You visited 1 branch of the dungeon, and saw 2 of its levels.

You collected 61 gold pieces.

Inventory:

Hand Weapons
 f - a +0 short sword (weapon)
Missiles
 g - 2 tomahawks (quivered)
Armour
 a - a +0 robe (worn)
 k - a +0 buckler (worn)
Scrolls
 e - a scroll of remove curse
 i - a scroll of identify
 l - a scroll of blinking
Comestibles
 c - 4 rations


   Skills:
 + Level 1.0 Short Blades
 + Level 2.4 Dodging
 + Level 2.0 Stealth
 + Level 2.5 Spellcasting
 + Level 1.9 Conjurations
 + Level 3.8 Air Magic


You had 6 spell levels left.
You knew the following spells:

 Your Spells              Type           Power        Failure   Level  Hunger
a - Shock                 Conj/Air       #...         12%         1    #......

Your spell library contained the following spells:

 Spells                   Type           Power        Failure   Level  Hunger
 Swiftness                Chrm/Air       #.......     26%         2    ###....
 Static Discharge         Conj/Air       #.......     34%         3    ###....
 Beastly Appendage        Tmut           #.....       36%         1    #......
 Sticks to Snakes         Tmut           #.......     50%         2    ###....
 Airstrike                Air            ##........   58%         4    #####..
 Spider Form              Tmut/Pois      #.........   75%         3    ###....
 Lightning Bolt           Conj/Air       #.........   97%         5    ######.
 Ice Form                 Ice/Tmut       #.......     98%         4    #####..
 Blade Hands              Tmut           #.........   100%        5    ######.


Dungeon Overview and Level Annotations

Branches:
Dungeon (2/15)

Altars:


Innate Abilities, Weirdness & Mutations

Shadows flee at your approach. (+LOS)
You can swim through water.
You cover ground slowly.
You can hop short distances.


Message History

The adder closely misses you.
You closely miss the adder.
The adder is almost dead.
The adder misses you.
You miss the adder.
The adder is almost dead.
* * * LOW HITPOINT WARNING * * *
You feel sick. The adder barely misses you. The adder bites you.
* * * LOW HITPOINT WARNING * * *
You are more poisoned.
The adder poisons you!
Casting: Shock (safe; 13% risk of failure)
Confirm with . or Enter, or press ? or * to list all spells.
Aiming: Shock (safe; 13% risk of failure)
Press: ? - help, Shift-Dir - straight line, f/p - adder
Aim: an adder (almost dead)
The zap hits the adder.
You kill the adder!
You feel your strength returning.
You die...

##.########
#..#.....># #
#<##......# #.
#.##......#
##.####.##......#
####........<......#
#..........#########
....####[.##.....#
.......†...@.....#
.#..########.....#
#######


There were no monsters in sight!

Vanquished Creatures
  2 adders (D:2)
  An ooze (D:1)
  A goblin (D:1)
  5 hobgoblins
  4 bats (D:1)
  3 kobolds (D:1)
  4 rats (D:1)
20 creatures vanquished.

Notes
Turn   | Place    | Note
-------+----------+-------------------------------------------
     0 | D:1      | redwoodhats the Barachi Air Elementalist began the quest
                  | for the Orb.
     0 | D:1      | Reached XP level 1. HP: 13/13 MP: 3/3
     0 | D:1      | Noticed an orb of fire
     0 | D:1      | Noticed a red draconian
     3 | D:1      | Noticed a golden dragon
     5 | D:1      | Noticed an iron dragon
     7 | D:1      | Noticed an iron dragon
     8 | D:1      | Noticed a shadow dragon
    10 | D:1      | Noticed an ice dragon
    12 | D:1      | Noticed a large abomination
    12 | D:1      | Noticed an ice dragon
    24 | D:1      | Noticed a large abomination
    24 | D:1      | Noticed a green draconian
    26 | D:1      | Noticed a large abomination
    28 | D:1      | Noticed a tentacled monstrosity
    30 | D:1      | Noticed an iron dragon
    30 | D:1      | Noticed a large abomination
    30 | D:1      | Noticed an iron dragon
    32 | D:1      | Noticed an iron dragon
    34 | D:1      | Noticed an orb of fire
   186 | D:1      | Reached XP level 2. HP: 9/19 MP: 0/5
  1017 | D:2      | Reached skill level 1 in Short Blades
  1017 | D:2      | Reached XP level 3. HP: 24/24 MP: 0/6
  1042 | D:2      | HP: 1/24 [adder (5)]
  1043 | D:2      | Succumbed to an adder's poison

Skill      XL: |  1  2 |
---------------+-------+-----
Stealth        | 2 |  2.0
Short Blades   | 1 |  1.0
Dodging        | |  2.4
Spellcasting   | |  2.5
Conjurations   | |  1.9
Air Magic      | |  3.8

Action                   || total
-------------------------++-------
Melee: Unarmed           ||     5
       Short sword       ||    57
 Cast: Shock             ||    32
  Use: Scroll            ||     3
       Potion            ||     3
  Eat: Chunk             ||     1
Armor: Robe              ||    11
Dodge: Dodged            ||    56
Block: Buckler           ||    18
